 Dungeon Crawl Stone Soup version 0.23.2-33-g5129a83184 (webtiles) character file.

Game seed: 10798929746476894162

73 Glodfish the Chopper (level 4, -4/61 HPs)
             Began as a Minotaur Berserker on Aug 8, 2019.
             Was a Believer of Trog.
             Killed from afar by an electric eel (5 damage)
             ... with a bolt of electricity
             ... on level 3 of the Dungeon.
             The game lasted 00:06:47 (1537 turns).

Glodfish the Chopper (Minotaur Berserker)           Turns: 1537, Time: 00:06:48

Health: -4/61      AC: 22    Str: 23      XL:     4   Next: 8%
Magic:  3/3        EV:  2    Int:  1 (4)  God:    Trog [**....]
Gold:   78         SH:  0    Dex:  7 (9)  Spells: 3/3 levels left

rFire    . . .     SeeInvis .   a - +0 hand axe
rCold    . . .     Gourm    .   (no shield)
rNeg     + + +     Faith    +   (armour currently unavailable)
rPois    +         Spirit   .   (helmet currently unavailable)
rElec    .         Reflect  .   (cloak currently unavailable)
rCorr    .         Harm     .   (gloves currently unavailable)
MR       .....     NoTele   +   (boots currently unavailable)
Stlth    +.........             i - amulet of faith
HPRegen  0.20/turn              (no ring)
MPRegen  0.08/turn              (no ring)

@: tree-form
A: (retaliatory headbutt)
a: Berserk, Trog's Hand, Renounce Religion


You were on level 3 of the Dungeon.
You worshipped Trog.
Trog was pleased with you.
You were very hungry.
You were a tree.
You visited 1 branch of the dungeon, and saw 3 of its levels.

You collected 78 gold pieces.

Inventory:

Hand Weapons
 a - a +0 hand axe (weapon)
Armour
 b - a +0 animal skin (melded)
 e - a scarf of cloud immunity (melded)
Jewellery
 i - an amulet of faith (around neck)
Wands
 k - a wand of flame (16)
Scrolls
 f - 4 scrolls of remove curse
 g - 3 scrolls of identify
Potions
 j - a potion of flight
Comestibles
 c - 5 rations


   Skills:
 + Level 4.3 Fighting
 + Level 5.0 Axes
 + Level 2.8 Armour
 + Level 2.5 Dodging


You had 3 spell levels left.
You didn't know any spells.
Your spell library was empty.

Dungeon Overview and Level Annotations

Branches:
Dungeon (3/15)

Altars:
Ashenzari
Dithmenos
Fedhas
Gozag
Okawaru
Trog
Uskayaw
Vehumet
Wu Jian
Yredelemnul
Zin
The Shining One


Innate Abilities, Weirdness & Mutations

((You reflexively headbutt those who attack you in melee.))
((You have a pair of horns on your head.))


Message History

The electric eel completely resists.
The bolt of electricity misses you.
You turn into a tree.
Your scarf of cloud immunity melds into your body.
Your +0 animal skin melds into your body.
You feel vulnerable to the effects of clouds.
Your roots penetrate the ground.
The electric eel shoots out a bolt of lightning at you!
The bolt of electricity hits you.
* * * LOW HITPOINT WARNING * * *
The bolt of electricity misses the electric eel.
The bolt of electricity hits the electric eel.
The electric eel completely resists.
You barely miss the electric eel.
The electric eel shoots out a bolt of lightning at you!
The bolt of electricity misses you.
The bolt of electricity hits the electric eel.
The electric eel completely resists.
The bolt of electricity hits the electric eel.
The electric eel completely resists.
The bolt of electricity hits you.
You die...

##.......###.# #
#.#.##.>......<...#
###.#.#.###.......#####
...#.#.# #..<....#
###..#..###.......#
...............####
############..##
#≈≈≈≈≈≈;#P8#...#
#......♣#..#...#
+...♣...'.©#©..#
#.......#..#..##
#≈≈≈≈≈≈;#P8#.##
############.#
.....).s.....#
####...........
#....##.....#
....####....#


You could see 2 electric eels and a giant cockroach.

Vanquished Creatures
  2 adders (D:2)
  2 oozes (D:1)
  2 dart slugs (D:1)
  3 leopard geckos (D:1)
  3 ball pythons
  5 bats
  A giant cockroach (D:1)
  3 goblins
  6 hobgoblins
  2 frilled lizards
  7 kobolds
  4 rats
40 creatures vanquished.

Notes
Turn   | Place    | Note
-------+----------+-------------------------------------------
     0 | D:1      | Glodfish the Minotaur Berserker began the quest for the
                  | Orb.
     0 | D:1      | Reached XP level 1. HP: 19/19 MP: 0/0
    72 | D:1      | Reached skill level 4 in Axes
    72 | D:1      | Reached XP level 2. HP: 19/27 MP: 1/1
   171 | D:1      | Reached XP level 3. HP: 26/33 MP: 2/2
   259 | D:1      | Reached ** piety under Trog
   698 | D:2      | Found a bloodstained altar of Trog.
   700 | D:2      | Found an opulent altar of Gozag.
   704 | D:2      | Found a shadowy altar of Dithmenos.
   704 | D:2      | Found a blossoming altar of Fedhas.
   704 | D:2      | Found a glowing silver altar of Zin.
   704 | D:2      | Found a radiant altar of Vehumet.
   705 | D:2      | Found a hide-covered altar of Uskayaw.
   706 | D:2      | Found a glowing golden altar of the Shining One.
   707 | D:2      | Found an ornate altar of the Wu Jian Council.
   708 | D:2      | Found an iron altar of Okawaru.
   709 | D:2      | Found a shattered altar of Ashenzari.
   794 | D:2      | Found a basalt altar of Yredelemnul.
  1093 | D:2      | Reached XP level 4. HP: 39/41 MP: 3/3
  1357 | D:2      | Reached skill level 5 in Axes
  1411 | D:3      | Found a transporter.
  1536 | D:3      | HP: 1/61 [electric eel/bolt of electricity (4)]
  1537 | D:3      | Killed from afar by an electric eel

Skill      XL: |  1  2  3  4 |
---------------+-------------+-----
Axes           | 4 5 |  5.0
Fighting       | 4 |  4.3
Armour         | |  2.8
Dodging        | |  2.5

Action                   |  1- 3 |  4- 6 || total
-------------------------+-------+-------++-------
Melee: Hand axe          |    69 |     8 ||    77
       Headbutt          |    10 |     1 ||    11
  Use: Potion            |     7 |     2 ||     9
       Scroll            |     4 |     2 ||     6
 Stab: Sleeping          |       |     1 ||     1
  Eat: Chunk             |       |     1 ||     1
Armor: Animal skin       |    14 |       ||    14
Dodge: Dodged            |    44 |     6 ||    50
